 Dungeon Crawl Stone Soup version 0.32-a0-135-g14f8b2e1af (webtiles) character file.

Game seed: 2797665568749485977

5999 Ge0ff the Skirmisher (level 10, -4/74 HPs)
             Began as a Mummy Brigand on Feb 10, 2024.
             Was a High Priest of Okawaru.
             Slain by a centaur warrior (8 damage)
             ... on level 9 of the Dungeon.
             The game lasted 00:18:39 (10436 turns).

Ge0ff the Skirmisher (Mummy Brigand)               Turns: 10436, Time: 00:18:40

Health: -4/74      AC:  7    Str: 15    XL:     10   Next: 55%
Magic:  11/12      EV: 12    Int: 11    God:    Okawaru [*****.]
Gold:   418        SH:  0    Dex: 17    Spells: 9/9 levels left

rFire   x . .        a - +0 orcbow (flame)
rCold   + . .        (shield currently unavailable)
rNeg    + + +        K - +0 steam dragon scales
rPois   ∞            (no helmet)
rElec   .            c - +0 cloak
rCorr   .            O - +0 pair of gloves
SInv    .            (no boots)
Will    +....        (no amulet)
Stlth   ++           (no ring)
HPRegen 0.32/turn    (no ring)
MPRegen 0.13/turn

%: faith
@: no status effects
A: cold resistance 1, negative energy resistance 3, torment resistance 2, heat
vulnerability 1, in touch with death 1, no potions, faith
a: Renounce Religion, Heroism, Finesse, Duel


You were on level 9 of the Dungeon.
You worshipped Okawaru.
Okawaru was extremely pleased with you.
You visited 2 branches of the dungeon, and saw 10 of its levels.

You collected 418 gold pieces.

Inventory:

Hand Weapons
 a - a +0 orcbow of flaming (weapon)
 b - a +2 dagger
 N - a +0 dagger of venom
 Q - a +0 long sword
 S - a +2 whip of freezing
 U - a +0 falchion
 X - a +0 sling
 Z - a +4 trident of draining
Missiles
 d - 9 poisoned darts
 x - 34 stones
 L - 2 javelins
 Y - 3 atropa-tipped darts
Armour
 c - a +0 cloak (worn)
 K - +0 steam dragon scales (worn)
 M - an orb of guile
 O - a +0 pair of gloves (worn)
 R - a +2 robe of willpower
Wands
 f - a wand of flame (10)
 P - a wand of polymorph (3)
Scrolls
 i - a scroll of identify
 F - a scroll of fog
 T - a scroll of acquirement
 V - a scroll of vulnerability
 W - 2 scrolls of enchant armour


   Skills:
 - Level 5.0 Fighting
 - Level 4.0 Short Blades
 + Level 11.4 Ranged Weapons
 - Level 1.5 Throwing
 - Level 1.0 Dodging
 - Level 3.2 Stealth
 - Level 3.0 Invocations
 - Level 3.0 Evocations


You had 9 spell levels left.
You didn't know any spells.
Your spell library was empty.

Dungeon Overview and Level Annotations

Branches:
Dungeon (9/15) Zot: 25728  Temple (1/1) D:6 Zot: 5998    Lair (0/5) D:8
    Orc: D:9-12

Altars:
Ashenzari
Cheibriados
Dithmenos
Fedhas
Gozag
Hepliaklqana
Kikubaaqudgha
Makhleb
Nemelex Xobeh
Okawaru
Qazlal
Ru
Sif Muna
Trog
Vehumet
Wu Jian
Xom
Yredelemnul

Shops:
D:7 :

Portals:
Abyss: D:8

Annotations:
D:6 1 runed translucent door (26 dam ghost), 1 exclusion, Vontreibholz's ghost, novice OnGl
D:8 2 transporters (23 dam ghost), paps's ghost, novice TrSh


Innate Abilities, Weirdness & Mutations

You are immune to poison.
Your flesh is cold resistant. (rC+)
You are immune to negative energy. (rN+++)
You are immune to unholy pain and torment.
You are vulnerable to heat. (rF-)
You are in touch with the powers of death.
You do not drink.
You have a special connection with the divine. (Faith)


Message History

The arrow hits the centaur warrior but does no damage.
The centaur warrior closely misses you. The centaur warrior misses you.
You shoot an arrow.
The arrow barely misses the centaur warrior.
The centaur warrior barely misses you. The centaur warrior kicks you.
You shoot an arrow. The arrow hits the centaur warrior.
The arrow burns the centaur warrior.
The centaur warrior is lightly wounded.
The centaur warrior hits you but does no damage.
The centaur warrior closely misses you.
You shoot an arrow. The arrow hits the centaur warrior!
The arrow burns the centaur warrior.
The centaur warrior is moderately wounded.
The centaur warrior hits you.
* * * LOW HITPOINT WARNING * * *
The centaur warrior kicks you but does no damage.
You shoot an arrow. The arrow hits the centaur warrior!
The arrow burns the centaur warrior.
The centaur warrior is heavily wounded.
The centaur warrior barely misses you. The centaur warrior misses you.
You shoot an arrow.
The arrow hits the centaur warrior but does no damage.
The centaur warrior is heavily wounded.
The centaur warrior hits you but does no damage.
The centaur warrior closely misses you. The centaur warrior hits you.
* * * LOW HITPOINT WARNING * * *
The centaur warrior closely misses you.
You shoot an arrow.
The arrow hits the centaur warrior but does no damage.
The centaur warrior is heavily wounded.
The centaur warrior hits you!
* * * LOW HITPOINT WARNING * * *
The centaur warrior closely misses you.
You shoot an arrow.
The arrow hits the centaur warrior but does no damage.
The centaur warrior is heavily wounded.
The centaur warrior hits you!
* * * LOW HITPOINT WARNING * * *
The centaur warrior closely misses you.
You shoot an arrow.
The arrow hits the centaur warrior but does no damage.
The centaur warrior is heavily wounded.
You feel like a meek peon again.
The centaur warrior completely misses you.
The centaur warrior barely misses you.
You shoot an arrow.
The arrow hits the centaur warrior but does no damage.
The centaur warrior is heavily wounded.
The centaur warrior hits you!
You die...

#....#.. #(( #..(.#.#
.... #....#.# #....
#....#.# ....
#....#.##..
#.######....#...#
+.............c.#
..#####.##..c##.##......
.........#..@##.# .....
....##.#.....)#.# ....
## #.###......# ... #.
#.....## cD #. #...#.# J
#. #####.# .. #†#
########### #. ##.#
#.......... #..#
#.#########


You could see a centaur warrior.

Vanquished Creatures
  A two-headed ogre (D:8)
  Pikel (D:4)
  Jeremiah (D:6)
  2 hornets
  3 yaks (D:9)
  Sigmund (D:2)
  2 wyverns (D:8)
  3 basilisks (D:8)
  2 steam dragons (D:8)
  2 water moccasins (D:8)
  A black bear (D:7)
  A swamp drake (D:8)
  2 ice beasts
  4 ogres
  A crocodile (D:6)
  2 centaurs
  A phantom (D:5)
  2 lemures
  2 scorpions
  3 bullfrogs
  9 killer bees
  2 howler monkeys (D:7)
  A bombardier beetle (D:7)
  4 orc priests
  2 hounds
  5 iguanas
  Ijyb (D:3)
  2 sleepcaps
  5 orc wizards
  4 gnolls
  10 adders
  3 white imps
  4 dart slugs
  A ribbon worm (D:3)
  16 orcs
  7 ball pythons
  2 endoplasms (D:4)
  3 giant cockroaches
  7 goblins
  7 hobgoblins
  3 jackals (D:1)
  6 quokkas
  A bat (D:3)
  4 frilled lizards
  4 kobolds
  3 rats
153 creatures vanquished.

Notes
Turn   | Place    | Note
-------+----------+-------------------------------------------
     0 | D:1      | Ge0ff the Mummy Brigand began the quest for the Orb.
     0 | D:1      | Reached XP level 1. HP: 16/16 MP: 1/1
   148 | D:1      | Reached XP level 2. HP: 16/22 MP: 2/2
   798 | D:2      | Reached XP level 3. HP: 26/27 MP: 3/3
  1016 | D:2      | Noticed Sigmund
  1028 | D:2      | Killed Sigmund
  1029 | D:2      | Reached skill level 1 in Dodging
  1029 | D:2      | Reached XP level 4. HP: 38/38 MP: 4/4
  1029 | D:2      | Reached XP level 5. HP: 43/43 MP: 5/5
  1530 | D:3      | Found an iron altar of Okawaru.
  1561 | D:3      | Became a worshipper of Warmaster Okawaru
  1814 | D:3      | Found a stormy altar of Qazlal.
  1819 | D:3      | Found a sacrificial altar of Ru.
  1819 | D:3      | Found a hazy altar of Hepliaklqana.
  1845 | D:3      | Found an ornate altar of the Wu Jian Council.
  1885 | D:3      | Noticed Ijyb
  2257 | D:3      | Reached skill level 5 in Fighting
  2390 | D:3      | Killed Ijyb
  2391 | D:3      | Reached XP level 6. HP: 9/51 MP: 6/6
  2392 | D:3      | Reached skill level 1 in Ranged Weapons
  2394 | D:3      | HP: 1/51 [orc/+0 flail (4)]
  3153 | D:3      | HP: 2/51 [gnoll/+0 spear (6)]
  3912 | D:4      | Reached * piety under Okawaru
  4036 | D:4      | Reached skill level 2 in Ranged Weapons
  4386 | D:4      | Reached XP level 7. HP: 47/56 MP: 7/7
  4652 | D:4      | Noticed Pikel
  4676 | D:4      | Killed Pikel
  4676 | D:4      | Reached ** piety under Okawaru
  4677 | D:4      | Reached skill level 5 in Ranged Weapons
  4993 | D:5      | Entered Level 5 of the Dungeon
  5014 | D:5      | Reached XP level 8. HP: 60/62 MP: 8/8
  5178 | D:5      | Reached skill level 1 in Invocations
  5178 | D:5      | Reached skill level 1 in Evocations
  5395 | D:5      | Reached *** piety under Okawaru
  5805 | D:6      | Reached skill level 6 in Ranged Weapons
  5870 | D:6      | Found a staircase to the Ecumenical Temple.
  5879 | Temple   | Entered the Ecumenical Temple
  6166 | D:6      | Found a runed translucent door.
  6166 | D:6      | Noticed Vontreibholz's ghost (novice OnGl)
  6516 | D:6      | Reached **** piety under Okawaru
  6712 | D:6      | Noticed Jeremiah
  6717 | D:6      | Reached XP level 9. HP: 68/68 MP: 11/11
  6727 | D:6      | Killed Jeremiah
  6728 | D:6      | Reached skill level 7 in Ranged Weapons
  7311 | D:7      | Reached skill level 8 in Ranged Weapons
  7510 | D:7      | Found Wagag's Self-Published Books.
  7781 | D:7      | Reached ***** piety under Okawaru
  8013 | D:8      | Reached skill level 9 in Ranged Weapons
  8088 | D:8      | Noticed a two-headed ogre
  8100 | D:8      | Killed a two-headed ogre
  8100 | D:8      | Received a gift from Okawaru
  8233 | D:8      | Found a transporter.
  8237 | D:8      | Noticed a brown ugly thing
  8281 | D:8      | Found a transporter.
  8281 | D:8      | Noticed paps's ghost (novice TrSh)
  8287 | D:8      | Found a one-way gate to the infinite horrors of the Abyss.
  8307 | D:8      | Reached XP level 10. HP: 23/74 MP: 12/12
  8310 | D:8      | Reached skill level 10 in Ranged Weapons
  8478 | D:8      | Noticed a worldbinder
  8581 | D:7      | HP: 3/74 [killer bee (3)]
  9824 | D:8      | Reached skill level 11 in Ranged Weapons
 10021 | D:8      | Found a staircase to the Lair.
 10414 | D:9      | Noticed a centaur warrior
 10416 | D:9      | Identified a scroll of acquirement
 10434 | D:9      | HP: 3/74 [centaur warrior (7)]
 10436 | D:9      | Slain by a centaur warrior

Illustrated notes

Levels and vault maps discovered:
D:1:      erik_arrival_blinker_ship, layout_basic
D:2:      layout_loops_ring, minmay_pentomino_o2, uniq_sigmund
D:3:      layout_basic, minitemple, okawaru_gym_becter, roderic_roman_lattice,
          chequers_serial_rivers_micro_e, uniq_ijyb
D:4:      layout_basic, uniq_pikel
D:5:      layout_cave_pools, serial_column_ruins, column_ruins_grid_1,
          column_ruins_open_small, column_ruins_grid_1, column_ruins_grid_1,
          column_ruins_grid_1
D:6:      layout_basic, minmay_temple_entry_sparse_star,
          hellmonk_ghost_happy_afterlife, uniq_jeremiah
D:7:      layout_basic, minmay_misc_feat_x, nicolae_custom_books,
          amcnicky_mini_corridor_feature
D:8:      layout_gridville, erik_lair_dragon, gammafunk_ghost_abyssal_escape,
          minmay_misc_feat_more_columns
D:9:      minmay_bloctagon, layout_basic, kennysheep_mini_moat, orc_0_dummy,
          minmay_misc_feat_ornament, minmay_hollow_rounded_squares
Temple:   nicolae_temple_elliptical

Skill      XL: |  1  2  3  4  5  6  7  8  9 10 |
---------------+-------------------------------+-----
Short Blades   | 2 3 4 |  4.0
Dodging        | 1 |  1.0
Fighting       | 4 5 |  5.0
Ranged Weapons | 2 5 6 9 11 | 11.4
Invocations    | 3 |  3.0
Evocations     | 3 |  3.0
Throwing       | |  1.5
Stealth        | |  3.2

Action                     |  1- 3 |  4- 6 |  7- 9 | 10-12 || total
---------------------------+-------+-------+-------+-------++-------
  Melee: Dagger            |    55 |   209 |   210 |       ||   474
         Punch             |       |    10 |    14 |       ||    24
   Fire: Orcbow            |       |       |   123 |   187 ||   310
  Throw: Dart              |    17 |    41 |    33 |     7 ||    98
         Stone             |       |       |    17 |       ||    17
 Invoke: Heroism           |       |       |       |     3 ||     3
  Evoke: Wand              |       |       |    20 |     1 ||    21
    Use: Scroll            |     3 |     7 |     4 |     2 ||    16
   Stab: Sleeping          |     1 |     6 |     1 |       ||     8
 Armour: Robe              |    25 |   130 |   164 |     1 ||   320
         Steam dragon scal |       |       |       |   146 ||   146
  Dodge: Dodged            |    26 |    80 |   114 |   159 ||   379

Table legend: (Time is in decaauts)
 A = Elapsed time spent in this place.
 B = Non-inter-level travel time spent in this place.
 C = Inter-level travel time spent in this place.
 D = Time resting spent in this place.
 E = Time spent auto-exploring this place.
 F = Levels seen in this place.
 G = Mean time per level.
                   A        B        C        D        E       F      G
               +--------+--------+--------+--------+--------+-----+--------+
         Total |  10346 |   9944 |    402 |    928 |   6948 |  10 | 1034.6 |
       Dungeon |  10345 |   9943 |    402 |    928 |   6948 |   9 | 1149.4 |
        Temple |      1 |      1 |      0 |      0 |      0 |   1 |    1.0 |
               +--------+--------+--------+--------+--------+-----+--------+

Top non-repeatable levels by time:
     D:3: 1770 daAuts
     D:8: 1729 daAuts
     D:6: 1401 daAuts
     D:2: 1210 daAuts
     D:4: 1193 daAuts
     D:7: 1092 daAuts
     D:1: 771 daAuts
     D:5: 732 daAuts
     D:9: 444 daAuts
  Temple: 1 daAuts
